 Dungeon Crawl Stone Soup version 0.26-a0-540-g8a0c9464d7 (webtiles) character file.

Game seed: 6493556660558440355

7358 MalarOregon the Fighter (level 10, -7/91 HPs)
             Began as a Grey Draconian Artificer on Aug 19, 2020.
             Was an Initiate of Gozag.
             Mangled by a lorocyproca (22 damage)
             ... on level 1 of the Abyss.
             The game lasted 00:18:43 (13378 turns).

MalarOregon the Fighter (Grey Draconian Artificer) Turns: 13378, Time: 00:18:44

Health: -7/91      AC: 15    Str: 18    XL:     10   Next: 91%
Magic:  0/10       EV: 13    Int: 15    God:    Gozag
Gold:   143        SH:  8    Dex:  9    Spells: 9/9 levels left

rFire    . . .     SeeInvis .   C - +5 whip (freeze)
rCold    . . .     Faith    .   G - +0 kite shield
rNeg     . . .     Spirit   +   (armour unavailable)
rPois    +         Reflect  .   (helmet restricted)
rElec    .         Harm     .   (no cloak)
rCorr    .                      o - +1 pair of gloves {Str+3}
MR       .....                  r - +0 pair of boots
Stlth    ++........             b - amulet of guardian spirit
HPRegen  0.25/turn              u - ring "Rehautea" {+Blink +Inv rPois Dex-2}
MPRegen  0.12/turn              D - ring of poison resistance

@: brilliant
A: walk through water, unfitting armour, unbreathing, cold-blooded, AC +12
a: Potion Petition, Call Merchant, Bribe Branch, Renounce Religion, Evoke Blink,
Evoke Invisibility


You were on level 1 of the Abyss.
You worshipped Gozag.
Gozag was aware of your devotion.
You visited 1 branch of the dungeon, and saw 8 of its levels.
You visited the Abyss 1 time.
You also visited: Ossuary.

You collected 1920 gold pieces.
You spent 846 gold pieces at shops.
You paid 931 gold pieces to Gozag.

Inventory:

Hand Weapons
 C - a +5 whip of freezing (weapon)
   (You took it off a gnoll on level 5 of the Dungeon)
Missiles
 e - 3 javelins (quivered)
 y - 20 poisoned darts
 E - 4 curare-tipped darts {!f}
 J - 6 datura-tipped darts
Armour
 o - a +1 pair of gloves of strength (worn)
   (You found it on level 3 of the Dungeon)
 r - a +0 pair of boots (worn)
   (You found it on level 4 of the Dungeon)
 G - a +0 kite shield (worn)
   (You took it off a gnoll sergeant on level 7 of the Dungeon)
Jewellery
 b - an amulet of guardian spirit (around neck)
   (You found it on level 1 of the Dungeon)
 u - the ring "Rehautea" (left hand) {+Blink +Inv rPois Dex-2}
   (You found it on level 5 of the Dungeon)

   [ring of poison resistance]

   It affects your dexterity (-2).
   It protects you from poison.
   It lets you turn invisible.
   It lets you blink.
 D - a ring of poison resistance (right hand)
   (You bought it in a shop on level 6 of the Dungeon)
Wands
 c - a wand of disintegration (1)
   (You found it on level 3 of the Dungeon)
 h - a wand of enslavement (32)
 t - a wand of flame (13)
 v - a wand of digging (8)
   (You found it on level 8 of the Dungeon)
 x - a wand of acid (5)
   (You found it on level 2 of the Dungeon)
Scrolls
 a - 3 scrolls of fear
 d - 6 scrolls of remove curse {@r2}
 f - 2 scrolls of enchant armour
 g - a scroll of immolation {!r}
 i - 5 scrolls of teleportation {@r4}
 k - 11 scrolls of identify {@r1}
 l - 3 scrolls of enchant weapon
 m - 2 scrolls of amnesia
 F - a scroll of noise {unknown}
Potions
 j - 3 potions of flight {unknown}
 n - a potion of might
 p - 4 potions of curing {@q1}
 q - a potion of magic {unknown}
 s - a potion of stabbing
 w - 2 potions of haste {@q3}
 z - a potion of brilliance
 B - a potion of mutation {!q}
 I - a potion of cancellation


   Skills:
 + Level 9.0 Fighting
   Level 2.3 Short Blades
   Level 3.6(5.4) Axes
 + Level 6.3(6.7) Maces & Flails
 + Level 7.7 Dodging
 + Level 3.4 Stealth
 + Level 3.1 Shields
 + Level 8.7 Evocations


You had 9 spell levels left.
You didn't know any spells.
Your spell library was empty.

Dungeon Overview and Level Annotations

Branches:
Dungeon (8/15)             Temple (0/1) D:6         Ossuary (visited)
   Lair: D:8-11

Altars:
Dithmenos
Gozag
Nemelex Xobeh
Okawaru
Qazlal
Uskayaw
Wu Jian
Xom
Yredelemnul

Shops:
D:5 !   D:6 *   D:7 [


Innate Abilities, Weirdness & Mutations

You can walk through water.
Your dull iron-grey scales are very hard. (AC +12)
You cannot fit into any form of body armour.
You can survive without breathing.
You are cold-blooded and may be slowed by cold attacks.


Message History

There is a strange disturbance nearby!
Unknown command.
You start resting.
You feel yourself speed up.
You hear a chilling moan.
Something hits you!
* * * LOW HITPOINT WARNING * * *
You feel your power leaking away.
Deactivating autopickup; reactivate with Ctrl-A.
As you read the scroll of fog, it crumbles to dust.
The scroll dissolves into smoke.
You recover from your berserk rage.
Something hits you but does no damage.
Unknown command.
You hit something.
Your tail-slap misses something.
Something hits you but does no damage.
You hit something but do no damage. You tail-slap something.
Something hits you.
* * * LOW HITPOINT WARNING * * *
You miss something. Something hits you!
* * * LOW HITPOINT WARNING * * *
Aim: Disturbance (grey smoke)
The bolt of acid hits something!!
The acid corrodes something!
Something barely misses you.
Aim: Disturbance (grey smoke)
The bolt of acid hits something!
Something hits you!!
* * * LOW HITPOINT WARNING * * *
Okay, then. [a] - 276 gold - brilliance and magic [b] - 945 gold - heal wounds, magic, resistance, invisibility and stabbing [c] - 870 gold - heal wounds, curing, resistance, invisibility and stabbing Purchase which effect?
You don't have enough gold for that! [a] - 276 gold - brilliance and magic [b] - 945 gold - heal wounds, magic, resistance, invisibility and stabbing [c] - 870 gold - heal wounds, curing, resistance, invisibility and stabbing Purchase which effect?
You no longer have enough gold to petition Gozag for potion effects.
You feel clever all of a sudden. Magic courses through your body.
Something barely misses you.
You feel better. Something barely misses you.
Unknown command.
You whack something!
Your tail-slap misses something.
Something completely misses you.
You miss something. Something hits you!!
You die...
Your body crumbles into a pile of gold.

. ≈≈ .## .≈♣
.. ≈ ≈≈ #
#.## ≈≈≈≈ .{
.####§.#
###..# #@§§#
. # . .
#{§#§...≈≈ #
§§§§.#...≈
....#....#
.#≈
..#...#....#
. ..#.
.#..#. .
......... ..
#....#..# .≈
. .. . ## ≈≈


There were no monsters in sight!

Vanquished Creatures
  Erica (D:8)
  A two-headed ogre (D:8)
  Pikel (D:4)
  Maurice (D:8)
  Joseph (D:7)
  Prince Ribbit (D:7)
  A hippogriff (D:7)
  6 flying skulls (Abyss:1)
  A wyvern (D:8)
  A water moccasin (D:6)
  An ice beast (D:6)
  A sky beast (D:6)
  A black bear (D:8)
  An ogre (D:6)
  2 phantoms (D:8)
  A wolf (D:7)
  5 centaurs
  5 big kobolds
  An elf zombie (Ossuary)
  2 bullfrogs
  4 gnoll sergeants
  A wyvern zombie (D:8)
  3 killer bees (D:7)
  6 wights
  A howler monkey (D:8)
  A bullfrog zombie (D:7)
  A quasit (D:6)
  2 jellies (D:6)
  3 orc priests
  5 hounds
  A centaur skeleton (D:5)
  A gnoll shaman (D:7)
  2 iguanas
  3 orc wizards
  2 worker ants
  4 hound zombies (Ossuary)
  2 hound skeletons (D:6)
  4 mummies (Ossuary)
  A worker ant zombie (D:7)
  24 gnolls
  14 adders
  2 shadow imps (D:7)
  2 white imps
  3 ufetubi
  An ooze (D:3)
  An adder zombie (Ossuary)
  An adder skeleton (D:6)
  2 worms
  4 leopard geckos
  21 orcs
  3 ball pythons
  10 bats
  A giant cockroach (D:3)
  8 goblins
  9 hobgoblins
  9 jackals
  43 kobolds
  2 quokkas
  5 frilled lizards
  A goblin zombie (Ossuary)
  2 kobold zombies (Ossuary)
  A leopard gecko skeleton (D:6)
  A leopard gecko zombie (D:5)
  3 orc zombies (Ossuary)
  5 rats
  A spectral orc (D:6)
261 creatures vanquished.

Vanquished Creatures (others)
  Maggie (D:8)
  A gnoll (D:7)
  An adder (D:8)
3 creatures vanquished.

Grand Total: 264 creatures vanquished

Notes
Turn   | Place    | Note
-------+----------+-------------------------------------------
     0 | D:1      | MalarOregon the Draconian Artificer began the quest for the
                  | Orb.
     0 | D:1      | Reached XP level 1. HP: 16/16 MP: 1/1
   109 | D:1      | Reached skill level 1 in Stealth
   168 | D:1      | Reached XP level 2. HP: 23/23 MP: 2/2
   855 | D:1      | Reached skill level 2 in Fighting
   975 | D:1      | Reached XP level 3. HP: 27/29 MP: 3/3
  2140 | D:2      | Reached skill level 1 in Short Blades
  2346 | D:2      | Reached XP level 4. HP: 27/37 MP: 4/4
  2712 | D:3      | Found an opulent altar of Gozag.
  2730 | D:3      | Became a worshipper of Gozag Ym Sagoz the Greedy
  4411 | D:4      | Reached XP level 5. HP: 36/44 MP: 5/5
  4895 | D:3      | Reached skill level 3 in Fighting
  6517 | D:4      | Found a stormy altar of Qazlal.
  6928 | D:5      | Entered Level 5 of the Dungeon
  6938 | D:5      | Reached XP level 6. HP: 41/51 MP: 4/6
  7063 | D:5      | Found a sparkling altar of Nemelex Xobeh.
  7073 | D:5      | Noticed Pikel
  7108 | D:4      | Killed Pikel
  7108 | D:4      | Reached skill level 4 in Fighting
  7108 | D:4      | Reached skill level 5 in Evocations
  7108 | D:4      | Your scales start taking on a dull iron-grey colour.
  7108 | D:4      | Reached XP level 7. HP: 18/60 MP: 2/7
  7108 | D:4      | Gained mutation: You can survive without breathing. [Grey
                  | Draconian growth]
  7460 | D:5      | Got a scorched tin ring
  7796 | D:5      | Found Zaym's Distillery.
  7799 | D:5      | Bought a potion of curing for 39 gold pieces
  7799 | D:5      | Bought a potion of cancellation for 104 gold pieces
  7799 | D:5      | Bought a potion of haste for 130 gold pieces
  7799 | D:5      | Bought a potion of brilliance for 52 gold pieces
  7799 | D:5      | Bought a potion of curing for 39 gold pieces
  7799 | D:5      | Bought a potion of heal wounds for 65 gold pieces
  7805 | D:5      | Found a shimmering altar of Xom.
  8126 | D:5      | Bought a potion of mutation for 104 gold pieces
  8175 | D:5      | Reached skill level 5 in Fighting
  8325 | D:5      | Reached XP level 8. HP: 68/68 MP: 8/8
  8552 | D:5      | Identified the ring "Rehautea" {+Blink +Inv rPois Dex-2}
                  | (You found it on level 5 of the Dungeon)
  8649 | D:6      | Found a basalt altar of Yredelemnul.
  8703 | D:6      | Reached skill level 5 in Dodging
  8713 | D:6      | Reached skill level 1 in Maces & Flails
  9043 | D:6      | Found a sand-covered staircase.
  9047 | Ossuary  | Entered an ossuary
  9409 | Ossuary  | Reached skill level 6 in Fighting
  9551 | D:6      | Found a staircase to the Ecumenical Temple.
  9665 | D:6      | Found an ornate altar of the Wu Jian Council.
  9674 | D:6      | Found Ladyjoss's Serpentskin Sales.
  9693 | D:6      | Bought an uncursed ring of poison resistance for 280 gold
                  | pieces
  9693 | D:6      | Bought 4 curare-tipped darts for 33 gold pieces
  9772 | D:6      | Found an iron altar of Okawaru.
  9849 | D:6      | Reached XP level 9. HP: 60/78 MP: 7/9
 10061 | D:6      | Found a hide-covered altar of Uskayaw.
 10562 | D:7      | Found Kateps's Antique Armour Boutique.
 10647 | D:7      | Reached skill level 7 in Fighting
 11276 | D:7      | Noticed Joseph
 11296 | D:7      | Killed Joseph
 11511 | D:7      | Noticed Prince Ribbit
 11594 | D:7      | Killed Prince Ribbit
 11594 | D:7      | Reached skill level 5 in Maces & Flails
 11616 | D:7      | Reached XP level 10. HP: 86/88 MP: 10/10
 11625 | D:7      | Found a shadowy altar of Dithmenos.
 11686 | D:7      | Reached skill level 8 in Fighting
 12450 | D:8      | Noticed Erica
 12452 | D:8      | Noticed Maggie
 12465 | D:8      | Killed Maggie
 12465 | D:8      | Reached skill level 1 in Shields
 12481 | D:8      | Killed Erica
 12961 | D:8      | Noticed a two-headed ogre
 12977 | D:8      | Killed a two-headed ogre
 13217 | D:8      | Noticed Maurice
 13230 | D:8      | Killed Maurice
 13233 | D:8      | Cast into level 1 of the Abyss (orc)
 13304 | Abyss:1  | Reached skill level 9 in Fighting
 13324 | Abyss:1  | Noticed a starcursed mass
 13378 | Abyss:1  | Mangled by a lorocyproca

Illustrated notes

Levels and vault maps discovered:
D:1:      dpeg_arrival_three_same_balls, layout_loops_corners
D:2:      layout_basic, serial_curves, eino_curves_03, eino_curves_03
D:3:      layout_loops_ring, nicolae_gozag_seed_capital, grunt_ministairs_11,
          st_stairs_11, chequers_serial_rivers_micro_a, minmay_vboxes
D:4:      layout_cave_pods, minivault_11, minmay_misc_feat_tiny,
          nicolae_qazlal_eye_of_the_storm
D:5:      minmay_goblin_kobold_castle, layout_gridville,
          nemelex_xobeh_ov_fountains_minmay, old_standard_altar, serial_shops,
          nicolae_shop_behind_doors, chequers_mini_garden, uniq_pikel
D:6:      layout_loops_ring, okawaru_gym_becter,
          yredelemnul_forgotten_temple_becter, nicolae_overflow_hidden_temple,
          lemuel_temple_firewalk_b, nicolae_ossuary_entry_plus,
          guppyfry_shop_venom
D:7:      layout_cave_pools, grunt_dithmenos_smoke_and_mirrors,
          serial_gnoll_camp, gnoll_camp_mini_hut, gnoll_camp_mini_shop,
          gnoll_camp_huts_basic, gnoll_camp_mini_doghouse,
          gnoll_camp_mini_sergeant, uniq_joseph, uniq_prince_ribbit1
D:8:      layout_layer_cave, enter_bailey_8, uniq_maurice, uniq_maggie,
          uniq_erica
Abyss:1:  base:
D:4

Skill      XL: |  1  2  3  4  5  6  7  8  9 10 |
---------------+-------------------------------+-----
Stealth        | 1 3 |  3.4
Fighting       | 2 3 4 5 6 7 9 |  9.0
Short Blades   | 1 2 |  2.3
Dodging        | 3 4 5 6 7 |  7.7
Evocations     | 4 5 6 7 8 |  8.7
Axes           | 2 3 |  3.6
Maces & Flails | 2 5 6 |  6.3
Shields        | 3 |  3.1

Action                   |  1- 3 |  4- 6 |  7- 9 | 10-12 || total
-------------------------+-------+-------+-------+-------++-------
Melee: Club              |    87 |       |       |       ||    87
       Tailslap          |    28 |    38 |    61 |    18 ||   145
       Dagger            |   148 |   308 |       |       ||   456
       Hand axe          |       |    50 |   123 |       ||   173
       Whip              |       |       |   419 |   210 ||   629
Throw: Javelin           |       |     6 |     3 |       ||     9
Invok: Potion Petition   |       |     1 |     1 |     2 ||     4
 Abil: Evoke Blink       |       |       |     1 |       ||     1
       Evoke Invisibilit |       |       |       |     1 ||     1
Evoke: Wand              |       |     2 |     4 |     8 ||    14
  Use: Potion            |       |     5 |       |     4 ||     9
       Scroll            |       |       |    11 |     2 ||    13
 Stab: Sleeping          |     4 |     1 |     1 |     1 ||     7
       Distracted        |       |     1 |       |       ||     1
       Invisible         |       |       |       |     1 ||     1
Armor: Skin              |   106 |   102 |   301 |    96 ||   605
Dodge: Dodged            |   219 |   261 |   521 |   144 ||  1145
Block: Kite shield       |       |       |       |    46 ||    46

Table legend: (Time is in decaauts)
 A = Elapsed time spent in this place.
 B = Non-inter-level travel time spent in this place.
 C = Inter-level travel time spent in this place.
 D = Time resting spent in this place.
 E = Time spent auto-exploring this place.
 F = Levels seen in this place.
 G = Mean time per level.
                   A        B        C        D        E       F      G
               +--------+--------+--------+--------+--------+-----+--------+
         Total |  13385 |  12929 |    456 |   2761 |   7540 |  10 | 1338.5 |
       Dungeon |  12780 |  12324 |    456 |   2691 |   7230 |   8 | 1597.5 |
         Abyss |    146 |    146 |      0 |     70 |      0 |   1 |  146.0 |
       Ossuary |    458 |    458 |      0 |      0 |    310 |   1 |  458.0 |
               +--------+--------+--------+--------+--------+-----+--------+

Top non-repeatable levels by time:
     D:3: 3241 daAuts
     D:7: 1534 daAuts
     D:5: 1468 daAuts
     D:2: 1396 daAuts
     D:1: 1332 daAuts
     D:6: 1307 daAuts
     D:8: 1260 daAuts
     D:4: 1239 daAuts
 Ossuary: 458 daAuts
 Abyss:1: 146 daAuts
